 Dungeon Crawl Stone Soup version 0.31-a0-237-g2d982f9f85 (webtiles) character file.

Game seed: 15122961552808847359

308 qw the Shooter (level 6, -3/51 HPs)
             Began as a Minotaur Hexslinger on July 10, 2023.
             Splashed by a jelly's acid (5 damage)
             ... on level 5 of the Dungeon.
             The game lasted 00:01:17 (2595 turns).

qw the Shooter (Minotaur Hexslinger)                Turns: 2595, Time: 00:01:18

Health: -3/51      AC:  1    Str: 18    XL:     6   Next: 16%
Magic:  6/6        EV: 13    Int: 10    God:
Gold:   131        SH:  0    Dex: 21    Spells: 6/7 levels left

rFire   . . .        Y - +1 shortbow
rCold   . . .        (shield currently unavailable)
rNeg    . . .        n - +0 troll leather armour {Pargi}
rPois   .            e - +1 hat
rElec   .            (no cloak)
rCorr   .            (no gloves)
SInv    .            (no boots)
Will    .....        (no amulet)
Stlth   +            g - +6 ring of dexterity
HPRegen 1.08/turn    m - +6 ring of strength
MPRegen 0.10/turn

%: no passive effects
@: confused, corroded
A: horns 2, retaliatory headbutt, mutation resistance 1
a: no special abilities


You were on level 5 of the Dungeon.
You visited 1 branch of the dungeon, and saw 6 of its levels.
You also visited: Sewer.

You collected 131 gold pieces.


Innate Abilities, Weirdness & Mutations

You have a pair of horns on your head.
You reflexively headbutt those who attack you in melee.
You are somewhat resistant to further mutation.


   Skills:
 + Level 3.3 Fighting
 - Level 6.0 Ranged Weapons
 - Level 1.0 Armour
 - Level 3.1 Dodging
 - Level 1.0 Spellcasting
 - Level 2.0 Hexes


You had 6 spell levels left.
You knew the following spells:

 Your Spells              Type           Power      Damage    Failure   Level
a - Slow                  Hex            16%        N/A       19%         1

Your spell library contained the following spells:

 Spells                   Type           Power      Damage    Failure   Level
 Inner Flame              Hex/Fire       2%         N/A       63%         3
 Portal Projectile        Hex/Tloc       4%         N/A       63%         3
 Cause Fear               Hex            2%         N/A       87%         4

Inventory:

Hand Weapons
 Y - a +1 shortbow (weapon)
Armour
 e - a +1 hat (worn)
 n - a +0 troll leather armour (worn) {Pargi}
Jewellery
 g - a +6 ring of dexterity (left hand)
 m - a +6 ring of strength (right hand)
Scrolls
 a - 2 scrolls of teleportation
 b - a scroll of identify
Potions
 c - a potion of cancellation {unknown}
 d - a potion of haste {unknown}
 i - a potion of degeneration {unknown}

Dungeon Overview and Level Annotations

Branches:
Dungeon (6/15)              Sewer (visited)
 Temple: D:4-7

Altars:
Elyvilon
Makhleb
Trog
Zin
The Shining One

Annotations:
D:5 Edmund


Message History

You hear some strange, mumbled words.
You are confused.
The orc wizard misses you. The jelly hits you but does no damage.
The orc wizard hits you but does no damage.
Something hits you but does no damage. The orc wizard barely misses you.
Something hits you but does no damage. The jelly closely misses you.
The orc wizard hits you with a +0 dagger.
The jelly hits you.
You are splashed with acid!
You hear some strange, mumbled words.
Something tries to affect you, but you resist.
The orc wizard misses you.
The orc throws a boomerang.
The boomerang barely misses you. The jelly hits you.
You are splashed with acid!
Something hits you. The jelly hits you but does no damage.
The orc wizard misses you.
You hear some strange, mumbled words.
You are more confused.
The jelly hits you but does no damage.
The orc wizard hits you but does no damage.
Something hits you but does no damage. The orc wizard casts a spell at you.
You resist with some effort. The jelly misses you. Something hits you.
Something hits you.
The orc wizard gestures at you while chanting.
You resist with some effort. The jelly hits you but does no damage.
The jelly closely misses you. The orc wizard misses you.
Something completely misses you.
The orc wizard hits you with a +0 dagger.
The jelly hits you but does no damage. Something hits you but does no damage.
The jelly barely misses you.
The orc wizard hits you but does no damage.
Something hits you.
The orc wizard hits you but does no damage.
The jelly misses you.
You hear some strange, mumbled words.
A magic dart appears from out of thin air!
The magic dart hits you.
The orc wizard hits you with a +0 dagger.
The jelly hits you. The acid corrodes you!
You are splashed with acid.
You die...

#.. #..
#.# #.# #
#.#.#
#.#.###?#
#.Jo.....
#@#
#o{@.....
#.#?.....
#.#.###.#
#)# # #.#
#.# #.#


You could see Edmund, a jelly, an orc wizard and an orc.

Vanquished Creatures
  Pargi (Sewer)
  2 hounds
  An orc wizard (D:4)
  2 adders
  An ufetubus (D:4)
  4 worms
  3 dart slugs
  4 orcs (D:4)
  5 bats
  13 endoplasms
  2 giant cockroaches
  9 goblins
  8 hobgoblins
  4 jackals (D:2)
  3 quokkas
  11 ball pythons
  6 frilled lizards
  4 kobolds
  2 rats
85 creatures vanquished.

Notes
Turn   | Place    | Note
-------+----------+-------------------------------------------
     0 | D:1      | qw the Minotaur Hexslinger began the quest for the Orb.
     0 | D:1      | Reached XP level 1. HP: 16/16 MP: 1/1
     0 | D:1      | 0 ||| qw: Version: 0.3-a-52-g30416fa
     0 | D:1      | 0 ||| qw: Game counter: 5335
     0 | D:1      | 0 ||| qw: Melee chars always use a shield: true
     0 | D:1      | 0 ||| qw: God list: Okawaru
     0 | D:1      | 0 ||| qw: Allow faded altars: false
     0 | D:1      | 0 ||| qw: Do Orc after clearing Dungeon:15 true
     0 | D:1      | 0 ||| qw: Do second Lair branch before Depths: true
     0 | D:1      | 0 ||| qw: Lair rune preference: random
     0 | D:1      | 0 ||| qw: Goals: Normal
     0 | D:1      | 0 ||| PLANNING D:1-11
   103 | D:1      | Reached skill level 3 in Ranged Weapons
   118 | D:1      | Reached XP level 2. HP: 23/23 MP: 2/2
   482 | D:1      | Found a faded altar of an unknown god.
   497 | D:1      | Reached XP level 3. HP: 17/29 MP: 3/3
   631 | D:1      | 631 ||| DROPPING scarf of invisibility.
   632 | D:1      | 632 ||| UPGRADING to +0 leather armour.
   642 | D:1      | 642 ||| DROPPING +0 robe.
   643 | D:1      | 643 ||| READING scroll labelled BEHENOYNYO.
   644 | D:1      | 644 ||| READING scroll labelled HIVVIESUEXT.
   645 | D:1      | 645 ||| DROPPING scroll of poison.
   808 | D:2      | Reached skill level 4 in Ranged Weapons
   899 | D:2      | Found a bloodstained altar of Trog.
  1032 | D:2      | 1032 ||| FLEEEEING.
  1538 | D:2      | 1538 ||| UPGRADING to +1 hat.
  1543 | D:2      | 1543 ||| UPGRADING to +0 ring mail.
  1553 | D:2      | 1553 ||| DROPPING +0 leather armour.
  1554 | D:2      | 1554 ||| READING scroll labelled ERODGH BYUCH.
  1555 | D:2      | 1555 ||| READING scroll labelled SORIOTRA VUTE.
  1556 | D:2      | 1556 ||| READING 2 scrolls labelled JUAHATAXUMP.
  1557 | D:2      | 1557 ||| DROPPING scroll of amnesia.
  1574 | D:3      | 1574 ||| PLANNING SEWER
  1587 | D:3      | 1587 ||| FLEEEEING.
  1588 | D:3      | 1588 ||| FLEEEEING.
  1589 | D:3      | 1589 ||| FLEEEEING.
  1590 | D:3      | 1590 ||| FLEEEEING.
  1591 | D:3      | 1591 ||| FLEEEEING.
  1592 | D:3      | 1592 ||| STAIRDANCE
  1618 | D:3      | Reached XP level 4. HP: 36/36 MP: 4/4
  1703 | D:3      | Reached skill level 1 in Armour
  1768 | D:3      | Found a glowing silver altar of Zin.
  1768 | D:3      | Found a glowing golden altar of the Shining One.
  1768 | D:3      | Found a white marble altar of Elyvilon.
  2007 | D:3      | 2007 ||| SWAPPING to +0 shortbow.
  2008 | D:3      | 2008 ||| DROPPING +1 sling.
  2042 | D:3      | Found a glowing drain.
  2043 | D:3      | 2043 ||| UPGRADING to +6 ring of dexterity.
  2046 | D:3      | 2046 ||| UPGRADING to +6 ring of strength.
  2047 | D:3      | 2047 ||| READING scroll labelled LACIPSUMO.
  2052 | D:3      | 2052 ||| Stepping ~*~*~tactically~*~*~ (water).
  2087 | Sewer    | Entered a sewer
  2099 | Sewer    | 2099 ||| Stepping ~*~*~tactically~*~*~ (water).
  2118 | Sewer    | 2118 ||| Stepping ~*~*~tactically~*~*~ (water).
  2121 | Sewer    | 2121 ||| Stepping ~*~*~tactically~*~*~ (water).
  2163 | Sewer    | Noticed Pargi
  2175 | Sewer    | Killed Pargi
  2176 | Sewer    | Reached skill level 6 in Ranged Weapons
  2176 | Sewer    | Reached XP level 5. HP: 36/41 MP: 5/5
  2206 | Sewer    | 2206 ||| Stepping ~*~*~tactically~*~*~ (water).
  2235 | Sewer    | 2235 ||| UPGRADING to +0 troll leather armour {Pargi}.
  2245 | Sewer    | 2245 ||| DROPPING +0 ring mail.
  2246 | Sewer    | 2246 ||| READING 2 scrolls labelled BAIF POCYOMY.
  2249 | Sewer    | 2249 ||| READING 3 scrolls labelled AJYKUSIOWE.
  2250 | Sewer    | 2250 ||| DRINKING 2 cyan potions.
  2250 | Sewer    | Gained mutation: Your spells are a little harder to cast,
                  | but a little more powerful. [potion of mutation]
  2250 | Sewer    | Gained mutation: You are frail. (-10% HP) [potion of
                  | mutation]
  2250 | Sewer    | Gained mutation: You possess an exceptional clarity of
                  | mind. [potion of mutation]
  2251 | Sewer    | 2251 ||| DRINKING potion of mutation.
  2251 | Sewer    | Lost mutation: You are frail. (-10% HP) [potion of
                  | mutation]
  2251 | Sewer    | Lost mutation: Your spells are a little harder to cast, but
                  | a little more powerful. [potion of mutation]
  2251 | Sewer    | Lost mutation: You possess an exceptional clarity of mind.
                  | [potion of mutation]
  2251 | Sewer    | Gained mutation: You are somewhat resistant to further
                  | mutation. [potion of mutation]
  2255 | Sewer    | 2255 ||| DRINKING 2 amethyst potions.
  2256 | Sewer    | 2256 ||| DRINKING 2 viscous pink potions.
  2257 | Sewer    | 2257 ||| DROPPING potion of invisibility.
  2258 | Sewer    | 2258 ||| DROPPING 2 scrolls of blinking.
  2269 | D:3      | 2269 ||| PLANNING D:1-11
  2442 | D:4      | 2442 ||| DRINKING potion of curing.
  2442 | D:4      | 2442 ||| (to cure confusion)
  2445 | D:4      | Reached skill level 3 in Fighting
  2493 | D:4      | You fall into a shaft and drop 2 floors!
  2501 | D:6      | Found a burning altar of Makhleb.
  2538 | D:6      | Reached XP level 6. HP: 50/51 MP: 6/6
  2552 | D:5      | Entered Level 5 of the Dungeon
  2553 | D:5      | Noticed Edmund
  2562 | D:5      | Reached skill level 3 in Dodging
  2586 | D:5      | HP: 10/51 [acid (7)]
  2592 | D:5      | HP: 8/51 [orc wizard/+0 dagger (1)]
  2595 | D:5      | HP: 2/51 [jelly (2)]
  2595 | D:5      | Splashed by a jelly's acid

Levels and vault maps discovered:
D:1:      ebering_trefoil_twist, layout_basic,
          shapermc_ecumenical_altar_rom_forum, corexii_item_surrounded_by_moat,
          reono_crystal_passage, nicolae_concentric_dashed_squares_wild
D:2:      layout_basic, basic_altar, st_stairs_6
D:3:      layout_basic, dreamdust_divine_triumvirate,
          cheibrodos_sewer_entry_bend, minivault_19
D:4:      layout_cave_pools
D:5:      gammafunk_wand_slinger, layout_loops_ring, uniq_edmund
D:6:      layout_loops_ring, kennysheep_mini_moat, amcnicky_altar_gilded,
          minmay_temple_entry_overgrown, gammafunk_ghost_gnarly_gnolls,
          uniq_prince_ribbit1

Skill      XL: |  1  2  3  4  5  6 |
---------------+-------------------+-----
Ranged Weapons | 3 4 6 |  6.0
Fighting       | 2 3 |  3.3
Armour         | 1 |  1.0
Dodging        | 3 |  3.1
Spellcasting   | |  1.0
Hexes          | |  2.0

Action                     |  1- 3 |  4- 6 || total
---------------------------+-------+-------++-------
   Fire: Sling             |   143 |    31 ||   174
         Shortbow          |       |    93 ||    93
    Use: Scroll            |     5 |     3 ||     8
         Potion            |       |     5 ||     5
 Armour: Robe              |     7 |       ||     7
         Leather armour    |     5 |       ||     5
         Ring mail         |     2 |    14 ||    16
         Troll leather arm |       |    52 ||    52
  Dodge: Dodged            |    50 |    70 ||   120

Table legend:
 A = Non-vault XP
 B = Vault XP
 C = Vault XP percentage of total XP
 D = Non-vault monster count
 E = Vault monster count
 F = Vault count percentage of total count
                 A         B        C        D         E       F
            +---------+---------+-------+---------+---------+-------
      Total |     289 |     151 |  34.3 |      75 |      10 |  11.8
            +---------+---------+-------+---------+---------+-------
        D:1 |      43 |       0 |   0.0 |      25 |       0 |   0.0
        D:2 |      40 |       6 |  13.0 |      21 |       2 |   8.7
        D:3 |      43 |       5 |  10.4 |      15 |       1 |   6.2
        D:4 |      80 |       0 |   0.0 |      12 |       0 |   0.0
        D:5 |      43 |       0 |   0.0 |       1 |       0 |   0.0
        D:6 |      40 |       0 |   0.0 |       1 |       0 |   0.0
      Sewer |       0 |     140 | 100.0 |       0 |       7 | 100.0
            +---------+---------+-------+---------+---------+-------
